 Dungeon Crawl Stone Soup version 0.31-a0-626-g8143ab4f1d (webtiles) character file.

Game seed: 7153072664866626374

100 ytrimaz the Insei (level 4, -3/28 HPs)
             Began as an Octopode Shapeshifter on Aug 24, 2023.
             Slain by a worm (5 damage)
             ... on level 2 of the Dungeon.
             The game lasted 00:01:13 (1565 turns).

ytrimaz the Insei (Octopode Shapeshifter)           Turns: 1565, Time: 00:01:14

Health: -3/28      AC:  1    Str: 14    XL:     4   Next: 74%
Magic:  4/4        EV: 13    Int: 10    God:
Gold:   100        SH:  0    Dex: 14    Spells: 3/3 levels left

rFire   . .          .
                       - Unarmed
rCold   + . .        (no shield)
rNeg    . . .        (helmet currently unavailable)
rPois   .            (no amulet)
rElec   .            e - ring of protection from cold
rCorr   .            (no ring)
SInv    .            (no ring)
Will    .....        (no ring)
Stlth   ++           (no ring)
HPRegen 0.24/turn    (no ring)
MPRegen 0.09/turn    (no ring)
                     (no ring)

%: no passive effects
@: brilliant, beast-form
A: beast (slay +2), almost no armour, amphibious, 8 rings, camouflage 1,
gelatinous body 1, (nimble swimmer 1), tentacles
a: Begin Untransformation


You were on level 2 of the Dungeon.
You were a hulking beast.
You visited 1 branch of the dungeon, and saw 2 of its levels.

You collected 100 gold pieces.


Innate Abilities, Weirdness & Mutations

You are a hulking beast.
Your limbs bulge with bestial killing power. (Slay +2)
You cannot wear most types of armour.
You are amphibious.
You can wear up to eight rings at the same time.
Your skin changes colour to match your surroundings (Stealth+).
Your rubbery body absorbs attacks. (AC +1, EV +1)
((You are camouflaged when in or above water. (Stealth+)))
You have tentacles for arms and can constrict up to eight enemies at once.


   Skills:
 - Level 1.0 Fighting
 - Level 2.0 Dodging
 + Level 4.3 Unarmed Combat
 + Level 4.1 Shapeshifting


You had 3 spell levels left.
You didn't know any spells.
Your spell library was empty.

Inventory:

Jewellery
 e - a ring of protection from cold (left tentacle)
   (You found it on level 1 of the Dungeon)
Talismans
 b - a beast talisman (active)
 c - a flux talisman
Scrolls
 d - 4 scrolls of identify {unknown}
 f - 2 scrolls of revelation {unknown}
 g - a scroll of torment {unknown}
 k - a scroll of teleportation {unknown}
 l - a scroll of fog {unknown}
Potions
 a - a potion of lignification
 i - a potion of might {unknown}
 j - a potion of ambrosia {unknown}

Dungeon Overview and Level Annotations

Branches:
Dungeon (2/15) Zot: 10441

Altars:

Shops:
D:1

* ## ... #...
#....
..<...#######
#.....).wh..#
#.....#####.#
..... #.#
.... #.# ##.
#.# #### #
#.# #... #.#
#.## #.####
#.# #.)..#
#.##


You could see a worm.


Message History

a +0 club; a goblin corpse Unknown command.
The orc shouts!
You tentacle-slap the orc wizard. Your grab misses the orc wizard.
Your squeeze misses the orc wizard.
The orc wizard hits you with a +0 dagger. 😕 HP[-1]
You take 1 damage, and now have 27/28 hp.
You tentacle-slap the orc wizard but do no damage.
Your grab misses the orc wizard. You squeeze the orc wizard.
An orc comes into view. It is wielding a +0 mace.
The orc wizard hits you with a +0 dagger. 😕 HP[-2]
You take 2 damage, and now have 25/28 hp.
The orc shouts!
You tentacle-slap the orc wizard. Your grab misses the orc wizard.
You squeeze the orc wizard.
You kill the orc wizard!
A kobold comes into view. It is wielding a +0 dagger.
Your Shapeshifting skill increases to level 4! 😕 HP[+1]
The kobold shouts!
You tentacle-slap the quokka.
You kill the quokka!
Things that are here:
a +0 dagger; a +0 robe; an orc corpse Unknown command.
The orc hits you with a +3 hand axe! 😮 HP[-7]
You take 7 damage, and now have 19/28 hp.
MASSIVE DAMAGE!! (PAUSE)
You tentacle-slap the orc. Your grab misses the orc.
The orc misses you. 😮 HP[+1]
You are too injured to fight recklessly!
Unknown command.
You are too injured to fight recklessly!
You closely miss the orc. Your grab misses the orc.
You are too injured to fight recklessly!
You tentacle-slap the orc but do no damage.
Your grab misses the orc. The orc barely misses you.
Unknown command.
You closely miss the orc. Your grab misses the orc. You squeeze the orc.
The orc barely misses you.
You tentacle-slap the orc. Your grab misses the orc.
The orc hits you with a +3 hand axe!
* * * LOW HITPOINT WARNING * * *
You are too injured to fight recklessly! 😨 HP[-9]
You take 9 damage, and now have 11/28 hp.
MASSIVE DAMAGE!! (PAUSE)
You tentacle-slap the orc.
You kill the orc!
You are too injured to fight recklessly! 😨 HP[+1]
You closely miss the orc. You grab the orc. You squeeze the orc.
You constrict the orc.
You kill the orc!
Unknown command.
Things that are here:
a +0 dagger; a +0 robe; an orc corpse
Things that are here:
a +0 club; a goblin corpse 😨 HP[+1]
You bludgeon the orc!
You kill the orc!
You are too injured to fight recklessly!
The kobold hits you with a +0 dagger.
* * * LOW HITPOINT WARNING * * *
Items here: )) ††. 😨 HP[-1]
You take 1 damage, and now have 12/28 hp.
You are too injured to fight recklessly!
You miss the kobold. You grab the kobold. You constrict the kobold.
The kobold hits you with a +0 dagger.
* * * LOW HITPOINT WARNING * * *
Unknown command. 😨 HP[-1]
You take 1 damage, and now have 11/28 hp.
You are too injured to fight recklessly!
You tentacle-slap the kobold but do no damage.
You squeeze the kobold.
You kill the kobold!
You are too injured to fight recklessly!
The worm barely misses you.
Items here: )) [ †. 😨 HP[+1] Unknown command.
You tentacle-slap the worm. You grab the worm. You constrict the worm.
The worm bites you!
* * * LOW HITPOINT WARNING * * *
😱 HP[-10]
You take 10 damage, and now have 2/28 hp.
MASSIVE DAMAGE!! (PAUSE) Unknown command.
It was a potion of brilliance.
You feel clever all of a sudden.
You constrict the worm.
You release your grip on the worm.
The worm attacks as it pursues you! The worm bites you.
You die...

Skill      XL: |  1  2  3  4 |
---------------+-------------+-----
Unarmed Combat | 4 |  4.3
Shapeshifting  | 4 |  4.1
Fighting       | |  1.0
Dodging        | |  2.0

Action                     |  1- 3 |  4- 6 || total
---------------------------+-------+-------++-------
  Melee: Unarmed           |    78 |    18 ||    96
         Constrict         |    23 |     5 ||    28
         Tentacles         |    10 |     6 ||    16
         Punch             |     4 |       ||     4
    Use: Potion            |       |     1 ||     1
   Stab: Sleeping          |    11 |       ||    11
 Armour: Skin              |     8 |     1 ||     9
  Dodge: Dodged            |    44 |     4 ||    48

Levels and vault maps discovered:
D:1:      dpeg_arrival_tiny_h, layout_loops_corners, serial_shops,
          nicolae_shop_hallway_plus
D:2:      layout_loops_corners

Notes
Turn   | Place    | Note
-------+----------+-------------------------------------------
     0 | D:1      | ytrimaz the Octopode Shapeshifter began the quest for the
                  | Orb.
     0 | D:1      | Reached XP level 1. HP: 13/13 MP: 1/1
     0 | D:1      | magus.rc [v1.9.6]
   187 | D:1      | Reached XP level 2. HP: 18/18 MP: 2/2
   239 | D:1      | Found Somu's General Store.
   497 | D:1      | Reached XP level 3. HP: 23/23 MP: 3/3
  1346 | D:2      | Reached skill level 4 in Unarmed Combat
  1346 | D:2      | Reached XP level 4. HP: 15/28 MP: 4/4
  1545 | D:2      | Reached skill level 4 in Shapeshifting
  1563 | D:2      | HP: 2/28 [worm (10)]
  1565 | D:2      | Slain by a worm

Vanquished Creatures
  An orc wizard (D:2)
  An adder (D:2)
  An ufetubus (D:2)
  A worm (D:2)
  3 orcs (D:2)
  7 bats
  3 endoplasms
  2 giant cockroaches
  6 goblins
  4 hobgoblins
  4 jackals (D:1)
  5 kobolds
  3 quokkas
  3 ball pythons
  3 frilled lizards (D:1)
  6 rats (D:1)
53 creatures vanquished.

Table legend:
 A = Non-vault XP
 B = Vault XP
 C = Vault XP percentage of total XP
 D = Non-vault monster count
 E = Vault monster count
 F = Vault count percentage of total count
                 A         B        C        D         E       F
            +---------+---------+-------+---------+---------+-------
      Total |     144 |       0 |   0.0 |      53 |       0 |   0.0
            +---------+---------+-------+---------+---------+-------
        D:1 |      41 |       0 |   0.0 |      27 |       0 |   0.0
        D:2 |     103 |       0 |   0.0 |      26 |       0 |   0.0
            +---------+---------+-------+---------+---------+-------

Skill      XL: |  1  2  3  4 |
---------------+-------------+-----
Unarmed Combat | 4 |  4.3
Shapeshifting  | 4 |  4.1
Fighting       | |  1.0
Dodging        | |  2.0

Action                     |  1- 3 |  4- 6 || total
---------------------------+-------+-------++-------
  Melee: Unarmed           |    78 |    18 ||    96
         Constrict         |    23 |     5 ||    28
         Tentacles         |    10 |     6 ||    16
         Punch             |     4 |       ||     4
    Use: Potion            |       |     1 ||     1
   Stab: Sleeping          |    11 |       ||    11
 Armour: Skin              |     8 |     1 ||     9
  Dodge: Dodged            |    44 |     4 ||    48

Illustrated notes

Table legend:
 A = Kills in this place as a percentage of kills in the entire game.
 B = Kills by you in this place as a percentage of kills by you in the entire game.
 C = Kills by friends in this place as a percentage of kills by friends in the entire game.
 D = Other kills in this place as a percentage of other kills in the entire game.
 E = Experience gained in this place as a percentage of experience gained in the entire game.
 F = Experience gained in this place divided by the number of levels of this place that you have seen.
                   A       B       C       D       E      F
               +-------+-------+-------+-------+-------+----------------------
         Total | 100.0 | 100.0 |   N/A |   N/A | 100.0 |  72.0
       Dungeon | 100.0 | 100.0 |   N/A |   N/A | 100.0 |  72.0
               +-------+-------+-------+-------+-------+----------------------

Table legend: (Time is in decaauts)
 A = Elapsed time spent in this place.
 B = Non-inter-level travel time spent in this place.
 C = Inter-level travel time spent in this place.
 D = Time resting spent in this place.
 E = Time spent auto-exploring this place.
 F = Levels seen in this place.
 G = Mean time per level.
                   A        B        C        D        E       F      G
               +--------+--------+--------+--------+--------+-----+--------+
         Total |   1557 |   1508 |     49 |      0 |   1205 |   2 |  778.5 |
       Dungeon |   1557 |   1508 |     49 |      0 |   1205 |   2 |  778.5 |
               +--------+--------+--------+--------+--------+-----+--------+

Top non-repeatable levels by time:
     D:1: 880 daAuts
     D:2: 676 daAuts
